 Dungeon Crawl Stone Soup version 0.26.1-16-g4e020e15dc (webtiles) character file.

Game seed: 6651563801117174421

41477 Froggeryz the Bludgeoner (level 14, -4/106 HPs)
             Began as an Octopode Berserker on Feb 1, 2023.
             Was a High Priest of Trog.
             Slain by a catoblepas (27 damage)
             ... on level 6 of the Lair of Beasts on Feb 7, 2023.
             The game lasted 00:29:23 (25711 turns).

Froggeryz the Bludgeoner (Octopode Berserker)      Turns: 25711, Time: 00:29:23

Health: -4/106     AC: 12    Str: 21    XL:     14   Next: 15%
Magic:  14/14      EV: 23    Int:  9    God:    Trog [*****.]
Gold:   1462       SH:  7    Dex: 12    Spells: 13/13 levels left

rFire    . . .     SeeInvis +   o - +0 mace (protect)
rCold    . . .     Faith    .   D - +2 buckler {reflect}
rNeg     . . .     Spirit   .   (helmet restricted)
rPois    +         Reflect  +   d - amulet of magic regeneration
rElec    .         Harm     .   l - +4 ring of evasion
rCorr    +         Rampage  .   k - ring of willpower
Will     ++...                  B - ring of see invisible
Stlth    +++.......             O - ring of flight
HPRegen  0.27/turn              G - ring of resist corrosion
MPRegen  0.39/turn              T - ring of poison resistance
                                U - +4 ring of protection
                                (no ring)

@: protection aura
A: almost no armour, stealthy swim, amphibious, 8 rings, constrict 8, camouflage
1, gelatinous body 1
a: Renounce Religion, Evoke Flight, Berserk, Trog's Hand, Brothers in Arms


You were on level 6 of the Lair of Beasts.
You worshipped Trog.
Trog was extremely pleased with you.
You visited 2 branches of the dungeon, and saw 18 of its levels.
You also visited: Ossuary.

You collected 1462 gold pieces.

Inventory:

Hand Weapons
 o - a +0 mace of protection (weapon)
 L - a +2 flail of holy wrath
Missiles
 E - 20 boomerangs
 K - 2 curare-tipped darts
 P - 28 poisoned darts (quivered)
Armour
 D - a +2 buckler of reflection (worn)
 I - the +1 buckler "Wiog" {rN+ Str+5}
   (You acquired it on level 5 of the Lair of Beasts)

   It affects your strength (+5).
   It protects you from negative energy.
Jewellery
 d - an amulet of magic regeneration (around mantle)
 k - a ring of willpower (right tentacle)
 l - a +4 ring of evasion (left tentacle)
 v - an uncursed ring of ice
 B - a ring of see invisible (on tentacle)
 F - an uncursed ring of fire
 G - a ring of resist corrosion (on tentacle)
 O - a ring of flight (on tentacle)
 T - a ring of poison resistance (on tentacle)
 U - a +4 ring of protection (on tentacle)
Wands
 C - a wand of random effects (26)
 H - a wand of flame (39)
 J - a wand of iceblast (16)
 S - a wand of polymorph (7)
 W - a wand of digging (3)
Scrolls
 a - 5 scrolls of blinking
 h - 2 scrolls of fear
 t - 11 scrolls of remove curse
 u - 2 scrolls of teleportation
 w - 5 scrolls of fog
 x - 4 scrolls of immolation
 y - 3 scrolls of magic mapping
 A - 4 scrolls of enchant armour
 M - 3 scrolls of enchant weapon
 N - 3 scrolls of identify
 R - 3 scrolls of silence
Potions
 b - 2 potions of magic {unknown}
 c - 14 potions of curing
 e - 3 potions of cancellation
 f - 3 potions of mutation
 g - 5 potions of invisibility
 i - 3 potions of lignification
 j - 4 potions of ambrosia
 m - 6 potions of degeneration {unknown}
 n - 5 potions of attraction {unknown}
 p - 5 potions of heal wounds
 q - 4 potions of resistance
 r - 3 potions of flight {unknown}
 s - 5 potions of haste {unknown}
 z - 2 potions of might
 Q - a potion of brilliance {unknown}
 V - 3 potions of berserk rage {unknown}


   Skills:
 * Level 13.0 Fighting
 - Level 16.0 Maces & Flails
 - Level 4.0 Throwing
 + Level 10.5 Dodging
 - Level 4.2 Stealth
 - Level 4.3 Shields


You had 13 spell levels left.
You didn't know any spells.
Your spell library was empty.

Dungeon Overview and Level Annotations

Branches:
Dungeon (12/15)            Temple (0/1) D:6            Lair (6/6) D:9
 Shoals (0/4) Lair:2       Spider (0/4) Lair:3        Slime (0/5) Lair:5
    Orc (0/2) D:11        Ossuary (visited)

Altars:
Cheibriados
Dithmenos
Elyvilon
Fedhas
Gozag
Hepliaklqana
Makhleb
Nemelex Xobeh
Qazlal
Uskayaw
Vehumet
Xom
The Shining One
Jiyva

Annotations:
D:11 3 runed translucent doors, Froggeryz's ghost, journeyman OpBe
Lair:1 2 transporters, morax's ghost, novice GrFi
Lair:2 1 runed translucent door, peterlawrence's ghost, journeyman MiFi


Innate Abilities, Weirdness & Mutations

You cannot wear most types of armour.
You are very stealthy in the water. (Stealth+)
You are amphibious.
You can wear up to eight rings at the same time.
You can use your tentacles to constrict eight enemies at once.
Your skin changes colour to match your surroundings (Stealth+).
Your rubbery body absorbs attacks. (AC +1, EV +1)


Message History

The catoblepas is poisoned.
The catoblepas is moderately wounded.
You hit the catoblepas but do no damage.
You squeeze the catoblepas, but do no damage.
The catoblepas is moderately wounded.
The catoblepas barely misses you.
You hit the catoblepas but do no damage.
You squeeze the catoblepas, but do no damage.
The catoblepas is moderately wounded.
The catoblepas closely misses you.
You sock the catoblepas!
The catoblepas is heavily wounded.
You sock the catoblepas!
The catoblepas is heavily wounded.
The catoblepas gores you!!
* * * LOW HITPOINT WARNING * * *
You hit the catoblepas.
The catoblepas is severely wounded.
The catoblepas gores you!!
You die...

.........<.......................
......................##...#...##
##...................P##P####P##
P.................<...#### ###
#..................ยง.###.#
#....................PP.##
#.......................P.
#PP................8.....P
##P..##.....8...@......PPP ####
###.......Y8....####
##....8.(.....# ###......8...#
###......### #P..(..## #.P###...#
### #...# #...#


You could see a catoblepas (poisoned).

Vanquished Creatures
  Snorg (Lair:3)
  Erolcha (D:11)
  2 boulder beetles (D:12)
  Fannar (D:10)
  8 hydras
  A catoblepas (Lair:6)
  3 death yaks
  An unseen horror (D:10)
  A lindwurm (Lair:5)
  A wolf spider (Lair:3)
  2 cyclopes (D:11)
  6 elephants (Lair:3)
  An ice statue (Lair:4)
  Joseph (D:9)
  2 black mambas (Lair:6)
  A centaur skeleton (D:10)
  2 gargoyles (D:11)
  Maggie (D:7)
  7 cane toads
  4 rime drakes
  6 komodo dragons
  An ice devil (Lair:4)
  3 trolls
  Grinder (D:4)
  2 polar bears (Lair:4)
  5 blink frogs (Lair:1)
  A wyvern (Lair:5)
  59 yaks
  5 basilisks
  A steam dragon (D:8)
  6 water moccasins
  9 orc warriors
  2 black bears
  3 sky beasts
  6 ice beasts
  A centaur (D:6)
  7 ogres
  7 wolves
  A big kobold (D:11)
  9 bullfrogs
  2 scorpions
  5 killer bees (D:5)
  3 wights (D:6)
  4 bullfrog zombies
  A centaur zombie (D:6)
  A howler monkey (D:5)
  2 quasits
  A jelly (D:12)
  8 hounds
  5 orc priests
  3 bullfrog skeletons
  2 gnoll shamans
  4 iguanas
  9 orc wizards
  Jessica (D:3)
  Natasha (thrice) (D:2)
  5 worker ants
  6 hell rats
  A killer bee zombie (D:7)
  A hound skeleton (D:10)
  8 mummies (Ossuary)
  A worker ant zombie (D:11)
  Robin (D:4)
  A howler monkey skeleton (D:6)
  12 gnolls
  A river rat (D:9)
  13 adders
  3 shadow imps
  6 white imps
  2 oozes
  3 adder zombies
  3 worms
  4 dart slugs
  9 leopard geckos
  48 orcs
  2 ball pythons
  10 giant cockroaches
  10 goblins
  11 hobgoblins
  14 jackals
  6 quokkas
  10 bats
  8 frilled lizards
  2 gnoll zombies (Ossuary)
  A hobgoblin zombie (Ossuary)
  9 kobolds
  3 kobold zombies (Ossuary)
  A leopard gecko skeleton (D:7)
  2 leopard gecko zombies (D:5)
  2 orc zombies (Ossuary)
  11 rats
466 creatures vanquished.

Vanquished Creatures (others)
  8 fungi
  23 plants
31 creatures vanquished.

Grand Total: 497 creatures vanquished

Notes
Turn   | Place    | Note
-------+----------+-------------------------------------------
     0 | D:1      | Froggeryz the Octopode Berserker began the quest for the
                  | Orb.
     0 | D:1      | Reached XP level 1. HP: 16/16 MP: 1/1
   224 | D:1      | Reached XP level 2. HP: 21/21 MP: 2/2
   692 | D:1      | Reached skill level 4 in Maces & Flails
   761 | D:1      | Reached XP level 3. HP: 23/26 MP: 3/3
   770 | D:1      | Reached ** piety under Trog
  1178 | D:2      | HP: 1/39 [gnoll/+0 halberd (14)]
  1179 | D:2      | Reached XP level 4. HP: 1/31 MP: 4/4
  1180 | D:2      | Reached skill level 5 in Maces & Flails
  1825 | D:2      | Reached XP level 5. HP: 36/36 MP: 5/5
  2177 | D:2      | Noticed Natasha
  2184 | D:2      | Killed Natasha
  2185 | D:2      | Reached skill level 6 in Maces & Flails
  2252 | D:2      | Noticed Natasha
  2256 | D:2      | Killed Natasha
  2268 | D:2      | Noticed Natasha
  2273 | D:2      | Killed Natasha
  2383 | D:2      | Found a burning altar of Makhleb.
  2383 | D:2      | Noticed a green death
  2636 | D:3      | Noticed Jessica
  2642 | D:3      | Killed Jessica
  2643 | D:3      | Reached XP level 6. HP: 32/42 MP: 6/6
  3188 | D:3      | Found a shimmering altar of Xom.
  3254 | D:3      | Reached skill level 7 in Maces & Flails
  3269 | D:3      | Reached *** piety under Trog
  3335 | D:3      | Found a stormy altar of Qazlal.
  4306 | D:4      | Noticed Grinder
  4319 | D:4      | Reached XP level 7. HP: 40/46 MP: 7/7
  4331 | D:4      | Reached skill level 8 in Maces & Flails
  4343 | D:4      | Noticed Robin
  4394 | D:4      | Found a sand-covered staircase.
  4399 | Ossuary  | Entered an ossuary
  4418 | Ossuary  | Reached **** piety under Trog
  4925 | D:5      | Entered Level 5 of the Dungeon
  5050 | D:4      | Killed Robin
  5090 | D:4      | Killed Grinder
  5091 | D:4      | Reached skill level 9 in Maces & Flails
  5091 | D:4      | Reached XP level 8. HP: 52/52 MP: 8/8
  5204 | D:4      | Found a white marble altar of Elyvilon.
  5945 | D:5      | Reached skill level 10 in Maces & Flails
  6448 | D:5      | Reached skill level 11 in Maces & Flails
  6567 | D:5      | Found a white marble altar of Elyvilon.
  6930 | D:6      | Found a staircase to the Ecumenical Temple.
  7054 | D:6      | Reached XP level 9. HP: 57/57 MP: 9/9
  7078 | D:6      | Found a radiant altar of Vehumet.
  7790 | D:7      | Noticed Maggie
  7816 | D:7      | Killed Maggie
  7932 | D:7      | Reached skill level 5 in Fighting
  8717 | D:7      | Reached XP level 10. HP: 65/66 MP: 10/10
  9097 | D:8      | Reached skill level 12 in Maces & Flails
  9625 | D:8      | Found a blossoming altar of Fedhas.
  9702 | D:8      | Found a sparkling altar of Nemelex Xobeh.
 10298 | D:9      | Found a staircase to the Lair.
 10298 | D:9      | Noticed a death yak
 10298 | D:9      | Noticed a death yak
 10302 | D:9      | Noticed a death yak
 10352 | D:9      | Noticed Joseph
 10873 | D:8      | Reached skill level 5 in Dodging
 11426 | D:9      | Killed Joseph
 11803 | D:9      | Reached skill level 13 in Maces & Flails
 12277 | D:9      | Reached XP level 11. HP: 48/75 MP: 11/11
 12402 | D:9      | Reached ***** piety under Trog
 12573 | D:9      | Killed a death yak
 12756 | D:9      | Found an opulent altar of Gozag.
 12763 | D:9      | Found a hide-covered altar of Uskayaw.
 12764 | D:9      | Found a snail-covered altar of Cheibriados.
 12764 | D:9      | Found a glowing golden altar of the Shining One.
 12767 | D:9      | Found a stormy altar of Qazlal.
 12915 | D:8      | Killed a death yak
 12990 | D:9      | Killed a death yak
 13173 | D:9      | Found a shadowy altar of Dithmenos.
 13173 | D:9      | Found a hazy altar of Hepliaklqana.
 13267 | D:10     | Entered Level 10 of the Dungeon
 13972 | D:10     | Noticed an unseen horror
 13993 | D:10     | Killed an unseen horror
 14055 | D:10     | Noticed Fannar
 14073 | D:10     | Killed Fannar
 14074 | D:10     | Reached skill level 14 in Maces & Flails
 14632 | D:11     | Found a staircase to the Orcish Mines.
 14782 | D:11     | Noticed a war gargoyle
 14782 | D:11     | Noticed a manticore
 14783 | D:11     | Found a runed translucent gate.
 14783 | D:11     | Found a runed translucent gate.
 14783 | D:11     | Found a runed translucent gate.
 14785 | D:11     | Noticed Froggeryz's ghost (journeyman OpBe)
 14833 | D:11     | Noticed a cyclops
 15213 | D:11     | Noticed Erolcha
 15223 | D:11     | Killed Erolcha
 15224 | D:11     | Reached XP level 12. HP: 84/84 MP: 12/12
 15292 | D:11     | Got a fine iron amulet
 15389 | D:11     | Identified the amulet "Jexka" {Inacc rF+ Str+4} (You found
                  | it on level 11 of the Dungeon)
 16075 | D:12     | Noticed a boulder beetle
 16103 | D:12     | Killed a boulder beetle
 16253 | D:12     | Noticed a boulder beetle
 16277 | D:12     | Killed a boulder beetle
 16278 | D:12     | Reached skill level 15 in Maces & Flails
 16696 | Lair:1   | Entered Level 1 of the Lair of Beasts
 16781 | Lair:1   | Noticed a five-headed hydra
 16790 | Lair:1   | Killed a five-headed hydra
 17250 | Lair:1   | Found a transporter.
 17253 | Lair:1   | Noticed morax's ghost (novice GrFi)
 17254 | Lair:1   | Noticed a six-headed hydra
 17597 | Lair:1   | Noticed a six-headed hydra
 17599 | Lair:1   | Noticed a four-headed hydra
 17631 | Lair:1   | Killed a six-headed hydra
 17632 | Lair:1   | Reached skill level 10 in Fighting
 17727 | Lair:1   | Killed a four-headed hydra
 18096 | Lair:1   | Reached skill level 1 in Stealth
 18491 | Lair:1   | Found a transporter.
 19108 | Lair:1   | Reached XP level 13. HP: 71/93 MP: 13/13
 19574 | Lair:2   | Got a jewelled broad axe
 20214 | Lair:2   | Found a runed translucent door.
 20221 | Lair:2   | Noticed peterlawrence's ghost (journeyman MiFi)
 20237 | Lair:2   | Found a staircase to the Shoals.
 20344 | Lair:2   | Identified the +4 broad axe of Tuwechoc {vorpal, Fragile
                  | rPois Str+4} (You found it on level 2 of the Lair of
                  | Beasts)
 20883 | Lair:3   | Found a hole to the Spider Nest.
 21349 | Lair:3   | Reached skill level 10 in Dodging
 21843 | Lair:3   | Noticed Snorg
 21865 | Lair:3   | Killed Snorg
 22474 | Lair:4   | Reached skill level 1 in Throwing
 22860 | Lair:4   | Found a white marble altar of Elyvilon.
 23621 | Lair:4   | You fall into a shaft and drop 1 floor!
 24116 | Lair:5   | Found a staircase to the Slime Pits.
 24117 | Lair:5   | Found a viscous altar of Jiyva.
 24179 | Lair:5   | Identified a scroll of acquirement
 24180 | Lair:5   | Acquired the +1 buckler "Wiog" {rN+ Str+5}
 24480 | Lair:5   | Reached skill level 16 in Maces & Flails
 24528 | Lair:5   | Received a gift from Trog
 24529 | Lair:5   | Got a faintly glowing dire flail {god gift}
 24890 | Lair:6   | Entered Level 6 of the Lair of Beasts
 25104 | Lair:6   | Reached XP level 14. HP: 104/104 MP: 14/14
 25711 | Lair:6   | Slain by a catoblepas

Illustrated notes

Levels and vault maps discovered:
D:1:      minmay_arrival_hallway, layout_basic
D:2:      layout_loops_ring, makhleb_altar_promises_db, serial_bayou,
          serial_bayou_pond_c, serial_bayou_pond_e, serial_bayou_lagoon_b,
          serial_bayou_shore_b, serial_bayou_lake_a, uniq_natasha
D:3:      minmay_chambers_of_twos, layout_loops_ring, overflow_temple_1_default,
          nicolae_qazlal_general_emergency, uniq_jessica
D:4:      layout_basic, nicolae_overflow_hidden_temple, enter_ossuary_2,
          uniq_grinder, uniq_robin
D:5:      layout_loops_cross, roderic_serpentine_path, fountainhead,
          elyvilon_altar_3
D:6:      layout_loops_cross, kennysheep_mini_moat, temple_pool_b,
          kennysheep_generic_room_7
D:7:      lemuel_ice_spiral_2, layout_basic, uniq_maggie
D:8:      layout_basic, nemelex_xobeh_ov_fountains_minmay, fedhas_altar_2
D:9:      minmay_slanted_spiral_squares, layout_irregular_city,
          riverfiend_overflow_shadow_ancestor, grunt_temple_overflow_open,
          dpeg_lair_monsters, uniq_joseph
D:10:     layout_roguey, uniq_fannar
D:11:     layout_long_grid, david_orc_3, gammafunk_ghost_split, hex_medium,
          uniq_erolcha
D:12:     layout_long_grid, kennysheep_generic_room_12
Lair:1:   layout_hall_layers, serial_rivers, chequers_serial_rivers_large_b,
          chequers_serial_rivers_micro_c, chequers_serial_rivers_micro_a,
          chequers_serial_rivers_micro_c, chequers_serial_rivers_micro_d,
          chequers_serial_rivers_micro_c, gammafunk_ghost_arena,
          nicolae_lair_grove_arrangements
Lair:2:   layout_misc_corridors, shoals_dummy_entry,
          ebering_ghost_reflecting_pool, grunt_forest_stairs_basic, st_stairs_7,
          serial_bayou_shore_b, grunt_megastairs_1, serial_bayou_shore_b
Lair:3:   layout_hall_layers, spider_nest_entry_rubble, serial_bayou_shore_b,
          uniq_snorg
Lair:4:   layout_regular_city, basic_altar, ice2_lemuel,
          infiniplex_staircase_pool_2
Lair:5:   layout_hall_layers, slime_altar_1
Lair:6:   evilmike_catoblepas_cave, layout_long_grid

Skill      XL: |  1  2  3  4  5  6  7  8  9 10 11 12 13 14 |
---------------+-------------------------------------------+-----
Maces & Flails | 4 5 6 7 9 11 13 14 15 16 | 16.0
Fighting       | 5 7 8 10 12 13 | 13.0
Shields        | 4 |  4.3
Dodging        | 4 6 8 9 10 | 10.5
Stealth        | 2 4 |  4.2
Throwing       | 3 4 |  4.0

Action                   |  1- 3 |  4- 6 |  7- 9 | 10-12 | 13-15 || total
-------------------------+-------+-------+-------+-------+-------++-------
Melee: Mace              |    57 |   186 |   329 |   741 |   592 ||  1905
       Constrict         |    17 |    42 |    64 |    85 |    33 ||   241
       Tentacles         |     5 |    35 |    76 |   211 |   172 ||   499
Throw: Boomerang         |       |       |       |     3 |       ||     3
       Dart              |       |       |       |    16 |    33 ||    49
Invok: Berserk           |     2 |     2 |     3 |    15 |     8 ||    30
       Trog's Hand       |       |     1 |     3 |     4 |     1 ||     9
Evoke: Wand              |       |       |       |    17 |     2 ||    19
  Use: Scroll            |       |     1 |     6 |    12 |     8 ||    27
       Potion            |       |       |       |     3 |       ||     3
 Stab: Sleeping          |     4 |     7 |     7 |     6 |     9 ||    33
       Distracted        |       |     1 |     1 |       |     1 ||     3
Armor: Skin              |    10 |    18 |    43 |    51 |    64 ||   186
Dodge: Dodged            |    63 |   110 |   202 |   450 |   391 ||  1216
Block: Buckler           |       |       |     8 |   177 |   176 ||   361
       Reflection        |       |       |       |     6 |     1 ||     7
